 Dungeon Crawl Stone Soup version 0.28-a0-769-g550dbda0cd (webtiles) character file.

Game seed: 1887417726991961957

6225 timneilson the Protected (level 10, -3/63 HPs)
             Began as a Gargoyle Fighter on Oct 31, 2021.
             Slain by a thrashing horror (6 damage)
             ... on level 2 of the Abyss.
             The game lasted 00:20:28 (9951 turns).

timneilson the Protected (Gargoyle Fighter)         Turns: 9951, Time: 00:20:28

Health: -3/63      AC: 29    Str: 24    XL:     10   Next: 92%
Magic:  10/10      EV:  8    Int:  8    God:
Gold:   381        SH:  7    Dex:  9    Spells: 9/9 levels left

rFire   . . .      SeeInvis .   a - +1 long sword
rCold   . . .      Faith    .   c - +1 buckler
rNeg    + . .      Spirit   .   u - +0 plate armour
rPois   ∞          Reflect  .   r - +2 helmet
rElec   +          Harm     .   f - +0 cloak
rCorr   .          Rampage  .   q - +0 pair of gloves
Will    .....                   d - +0 pair of boots
Stlth   ..........              (no amulet)
HPRegen 0.20/turn               (no ring)
MPRegen 0.12/turn               (no ring)

@: no status effects
A: sickness immunity, AC +7, negative energy resistance 1, electricity
resistance, torment resistance 1, petrification resistance
a: no special abilities


You were on level 2 of the Abyss.
You visited 2 branches of the dungeon, and saw 10 of its levels.
You visited the Abyss 1 time.

You collected 381 gold pieces.

Inventory:

Hand Weapons
 a - a +1 long sword (weapon)
Armour
 c - a +1 buckler (worn)
 d - a +0 pair of boots (worn)
 f - a +0 cloak (worn)
 n - a +0 tower shield
 q - a +0 pair of gloves (worn)
 r - a +2 helmet (worn)
 u - a +0 plate armour (worn)
Wands
 b - a wand of paralysis (4)
 e - a wand of mindburst (10)
 p - a wand of polymorph (7)
Scrolls
 h - a scroll of amnesia
 i - 3 scrolls of enchant armour
 j - 3 scrolls of enchant weapon
 k - 7 scrolls of teleportation
 m - 4 scrolls of identify
 s - a scroll of fear
 t - a scroll of immolation {unknown}
Potions
 l - a potion of cancellation
 o - a potion of attraction


   Skills:
 + Level 7.2 Fighting
 * Level 7.8 Long Blades
 * Level 9.8 Armour
 + Level 4.6 Dodging
 * Level 9.7 Shields
 + Level 5.1 Evocations


You had 9 spell levels left.
You didn't know any spells.
Your spell library contained the following spells:

 Spells                   Type           Power      Damage    Failure   Level
 Animate Skeleton         Necr           0%         N/A       99%         1
 Apportation              Tloc           0%         N/A       99%         1
 Foxfire                  Conj/Fire      0%         2x1d4     99%         1
 Slow                     Hex            0%         N/A       99%         1
 Summon Small Mammal      Summ           0%         N/A       99%         1
 Confusing Touch          Hex            0%         N/A       100%        3
 Conjure Flame            Conj/Fire      0%         6-21      100%        3
 Inner Flame              Hex/Fire       0%         N/A       100%        3
 Vampiric Draining        Necr           0%         2d6       100%        3
 Flame Wave               Conj/Fire      0%         3d3       100%        4


Dungeon Overview and Level Annotations

Branches:
Dungeon (9/15)             Temple (1/1) D:4            Lair (0/6) D:8
    Orc: D:9-12

Altars:
Ashenzari
Cheibriados
Dithmenos
Elyvilon
Fedhas
Hepliaklqana
Kikubaaqudgha
Makhleb
Nemelex Xobeh
Qazlal
Ru
Sif Muna
Uskayaw
Wu Jian
Xom
Yredelemnul
Zin
The Shining One

Shops:
D:3 !

Annotations:
D:7 3 runed translucent doors, Woods's ghost, novice DjTm


Innate Abilities, Weirdness & Mutations

You are immune to sickness and miasma.
Your stone body is resilient. (AC +7)
You are immune to poison.
You resist negative energy. (rN+)
You are resistant to electric shocks. (rElec)
You are resistant to unholy torment.
You are immune to petrification.


Message History

The thrashing horror tramples you!
* * * LOW HITPOINT WARNING * * *
You stumble backwards!
The thrashing horror roars!
The thrashing horror tramples you.
* * * LOW HITPOINT WARNING * * *
You hold your ground!
The thrashing horror tramples you but does no damage.
The thrashing horror roars!
The thrashing horror tramples you but does no damage.
The thrashing horror tramples you.
* * * LOW HITPOINT WARNING * * *
You stumble backwards!
Found 2 fizzy clear potions.
You block the thrashing horror's attack.
The thrashing horror tramples you but does no damage.
The thrashing horror tramples you but does no damage.
The thrashing horror barely misses you.
The thrashing horror roars!
The thrashing horror tramples you but does no damage. x2
The thrashing horror roars!
The thrashing horror tramples you but does no damage. x2
The thrashing horror roars!
The thrashing horror tramples you but does no damage. x2
The thrashing horror closely misses you.
The thrashing horror tramples you but does no damage.
You block the thrashing horror's attack.
The thrashing horror tramples you but does no damage. x2
The thrashing horror tramples you.
* * * LOW HITPOINT WARNING * * *
You stumble backwards!
The thrashing horror roars! x2
The thrashing horror tramples you but does no damage.
The thrashing horror closely misses you.
The thrashing horror tramples you but does no damage. x4
The thrashing horror barely misses you. The thrashing horror tramples you.
* * * LOW HITPOINT WARNING * * *
You hold your ground!
The thrashing horror tramples you.
You die...

##.## .#. ##...#... .
# #########..# ..#.#.
#.# #..#..#.... #...#
.
#..###.##...#.....##.#
#.......#####.....##
#.#..X.##.# ..###.
#..X#..# .. .#
###@..#.# ... . #.##.#
# ##.. ... #.# ! ..#..
..# #. .#. ##.. ..
.### ..# . .. #. #.


You could see 2 thrashing horrors.

Vanquished Creatures
  A two-headed ogre (D:8)
  Joseph (D:8)
  A hornet (D:8)
  A wyvern (D:9)
  A shadow (D:5)
  2 yaks
  Edmund (D:5)
  4 water moccasins
  3 black bears
  4 orc warriors
  2 hornet zombies (D:7)
  An ice beast (D:7)
  4 necrophages
  An ogre (D:5)
  2 centaurs
  A kobold brigand (D:8)
  6 bullfrogs
  2 gnoll sergeants
  4 scorpions
  A water moccasin zombie (D:5)
  3 wights (D:7)
  A howler monkey (D:6)
  A centaur zombie (D:7)
  A lava snake (D:7)
  A bullfrog zombie (D:7)
  3 hounds
  A jelly (D:8)
  An orc priest (D:5)
  2 bullfrog skeletons
  2 centaur skeletons
  2 gnoll shamans
  Natasha (thrice) (D:3)
  2 iguanas
  9 orc wizards
  Ijyb (D:3)
  A killer bee zombie (D:9)
  A hound skeleton (D:4)
  Robin (D:2)
  6 adders
  13 gnolls
  2 worms
  17 orcs
  5 ball pythons
  4 endoplasms
  9 giant cockroaches
  12 goblins
  13 hobgoblins
  3 jackals (D:4)
  3 quokkas
  4 bats
  4 frilled lizards
  14 kobolds
  A quokka skeleton (D:4)
  9 rats
198 creatures vanquished.

Vanquished Creatures (others)
  22 fungi (D:8)
  23 plants (D:8)
45 creatures vanquished.

Grand Total: 243 creatures vanquished

Notes
Turn   | Place    | Note
-------+----------+-------------------------------------------
     0 | D:1      | timneilson the Gargoyle Fighter began the quest for the
                  | Orb.
     0 | D:1      | Reached XP level 1. HP: 14/14 MP: 1/1
   140 | D:1      | Reached XP level 2. HP: 19/19 MP: 2/2
   477 | D:1      | Found a faded altar of an unknown god.
   653 | D:1      | Reached XP level 3. HP: 23/23 MP: 3/3
  1139 | D:2      | Noticed Robin
  1165 | D:2      | Killed Robin
  1166 | D:2      | Reached XP level 4. HP: 7/28 MP: 4/4
  1958 | D:3      | Found Karphosk's Distillery.
  2341 | D:3      | Reached XP level 5. HP: 33/33 MP: 5/5
  2342 | D:3      | Noticed Ijyb
  2353 | D:3      | Paralysed by Ijyb for 4 turns
  2358 | D:3      | Killed Ijyb
  2359 | D:3      | Reached skill level 1 in Dodging
  2664 | D:3      | Noticed Natasha
  2668 | D:3      | Killed Natasha
  2688 | D:3      | Noticed Natasha
  2693 | D:3      | Killed Natasha
  3004 | D:3      | Noticed Natasha
  3007 | D:3      | Killed Natasha
  3008 | D:3      | Reached XP level 6. HP: 37/38 MP: 6/6
  3087 | D:3      | Found a shimmering blue altar of Sif Muna.
  3628 | D:4      | Found a staircase to the Ecumenical Temple.
  3637 | Temple   | Entered the Ecumenical Temple
  3849 | D:5      | Entered Level 5 of the Dungeon
  3869 | D:5      | Found a glowing golden altar of the Shining One.
  3884 | D:5      | Reached skill level 1 in Evocations
  4022 | D:5      | Reached XP level 7. HP: 8/46 MP: 7/7
  4066 | D:5      | Reached XP level 8. HP: 47/51 MP: 8/8
  4173 | D:5      | Found a snail-covered altar of Cheibriados.
  5002 | D:5      | Noticed Edmund
  5024 | D:5      | Killed Edmund
  5252 | D:6      | Noticed a shadow
  5269 | D:5      | Killed a shadow
  5270 | D:5      | Reached XP level 9. HP: 37/56 MP: 9/9
  6239 | D:7      | Found a runed translucent gate.
  6240 | D:7      | Found a runed translucent gate.
  6240 | D:7      | Found a runed translucent gate.
  6242 | D:7      | Noticed Woods's ghost (novice DjTm)
  8259 | D:8      | Reached XP level 10. HP: 61/61 MP: 10/10
  8778 | D:8      | Found a staircase to the Lair.
  8799 | D:8      | Noticed a two-headed ogre
  8809 | D:8      | Killed a two-headed ogre
  8927 | D:8      | Noticed Joseph
  8943 | D:8      | HP: 3/63 [Joseph (4)]
  8950 | D:8      | HP: 1/63 [disintegration (8)]
  8951 | D:8      | Killed Joseph
  9284 | D:8      | Reached skill level 5 in Evocations
  9333 | D:8      | Found a shadowy altar of Dithmenos.
  9855 | D:9      | Noticed a wizard
  9866 | D:9      | Cast into level 2 of the Abyss (a wizard)
  9925 | Abyss:2  | Noticed a thrashing horror
  9928 | Abyss:2  | Noticed a thrashing horror
  9950 | Abyss:2  | HP: 3/63 [thrashing horror (4)]
  9951 | Abyss:2  | Slain by a thrashing horror

Illustrated notes

Levels and vault maps discovered:
D:1:      ncdulo_watergridlock, layout_basic,
          shapermc_ecumenical_altar_notcrosses
D:2:      layout_basic, serial_bayou_pond_c, minmay_misc_feat_chi, uniq_robin
D:3:      layout_loops_ring, nicolae_sif_muna_little_library, serial_shops,
          shop, serial_co_window_serial, co_window_corner_a, co_window_paths_a,
          co_window_cross_1, co_window_paths_b, co_window_corner_a,
          co_window_of_opportunity_c, co_window_2corner,
          co_window_of_opportunity_c, co_window_corner_b, co_window_paths_e,
          glass_columns_a, glass_columns_a, glass_columns_b, glass_columns_c,
          glass_columns_b, uniq_ijyb, uniq_natasha
D:4:      layout_cave_pools, minmay_temple_entry_mist, serial_column_ruins,
          column_ruins_hut_ruined, column_ruins_columns_T,
          column_ruins_open_small, column_ruins_grid_3, column_ruins_open_tiny,
          column_ruins_grid_1
D:5:      layout_basic, tso_oasis_becter, slow_altar_2, uniq_edmund
D:6:      layout_cave_pods, lemuel_old_faithful
D:7:      layout_basic, ebering_ghost_rock_garden, kennysheep_generic_room_4
D:8:      layout_cave_pools, mainiacjoe_overflow_tiny_flanked,
          due_lair_maze_entry_diamond, kennysheep_generic_room_16, uniq_joseph
D:9:      layout_roguey [special_room_bee], serial_shops, shop, enter_bailey_5,
          laboratory
Temple:   eino_narrow_crystal_temple
Abyss:2:  base:
D:1

Skill      XL: |  1  2  3  4  5  6  7  8  9 10 |
---------------+-------------------------------+-----
Long Blades    | 2 3 6 7 |  7.8
Shields        | 4 8 9 |  9.7
Armour         | 4 8 9 |  9.8
Dodging        | 1 3 4 |  4.6
Fighting       | 4 6 7 |  7.2
Evocations     | 3 4 5 |  5.1

Action                   |  1- 3 |  4- 6 |  7- 9 | 10-12 || total
-------------------------+-------+-------+-------+-------++-------
Melee: Long sword        |   127 |   227 |   430 |   226 ||  1010
  Use: Scroll            |     3 |     5 |     4 |     1 ||    13
       Potion            |       |     4 |    10 |     4 ||    18
Armor: Scale mail        |    50 |       |       |       ||    50
       Chain mail        |    31 |   133 |   291 |   150 ||   605
       Skin              |       |       |    21 |       ||    21
       Plate armour      |       |       |       |    39 ||    39
Dodge: Dodged            |    54 |   125 |   142 |    95 ||   416
Block: Buckler           |    31 |    54 |   138 |    66 ||   289

Table legend: (Time is in decaauts)
 A = Elapsed time spent in this place.
 B = Non-inter-level travel time spent in this place.
 C = Inter-level travel time spent in this place.
 D = Time resting spent in this place.
 E = Time spent auto-exploring this place.
 F = Levels seen in this place.
 G = Mean time per level.
                   A        B        C        D        E       F      G
               +--------+--------+--------+--------+--------+-----+--------+
         Total |  10091 |   9978 |    113 |   1108 |   6394 |  11 |  917.4 |
       Dungeon |   9875 |   9771 |    104 |   1108 |   6220 |   9 | 1097.2 |
        Temple |    130 |    121 |      9 |      0 |    114 |   1 |  130.0 |
         Abyss |     84 |     84 |      0 |      0 |     60 |   1 |   84.0 |
               +--------+--------+--------+--------+--------+-----+--------+

Top non-repeatable levels by time:
     D:7: 2447 daAuts
     D:5: 1443 daAuts
     D:3: 1341 daAuts
     D:2: 1033 daAuts
     D:8: 950 daAuts
     D:6: 945 daAuts
     D:1: 928 daAuts
     D:4: 508 daAuts
     D:9: 277 daAuts
  Temple: 130 daAuts
 Abyss:2: 84 daAuts
